 Dungeon Crawl Stone Soup version 0.30-b1-2-g02819fbbbe (webtiles) character file.

Game seed: 18287345625460303598

1074 Metae the Covered (level 8, -5/70 HPs)
             Began as a Minotaur Fighter on July 4, 2023.
             Was a Follower of Uskayaw.
             Killed by divine providence
             ... invoked by an orc priest
              (13 damage)
             ... on level 6 of the Dungeon.
             The game lasted 00:10:21 (4281 turns).

Metae the Covered (Minotaur Fighter)                Turns: 4281, Time: 00:10:22

Health: -5/70      AC: 10    Str: 23    XL:     8   Next: 7%
Magic:  8/8        EV:  8    Int:  5    God:    Uskayaw [*.....]
Gold:   119        SH:  9    Dex: 10    Spells: 7/7 levels left

rFire   . . .        a - +0 flail
rCold   . . .        A - +0 kite shield
rNeg    . . .        h - +0 chain mail
rPois   .            (helmet restricted)
rElec   .            (no cloak)
rCorr   .            (no gloves)
SInv    .            (no boots)
Will    .....        (no amulet) Stlth
                     (no ring)
HPRegen 0.31/turn    (no ring)
MPRegen 0.11/turn

%: no passive effects
@: no status effects
A: horns 2, retaliatory headbutt
a: Renounce Religion, Stomp


You were on level 6 of the Dungeon.
You worshipped Uskayaw.
Uskayaw was noncommittal.
You visited 2 branches of the dungeon, and saw 7 of its levels.

You collected 273 gold pieces.
You spent 154 gold pieces at shops.

Inventory:

Hand Weapons
 a - a +0 flail (weapon)
 j - a +0 sling of flaming
 y - a +0 whip of electrocution
Missiles
 g - 2 throwing nets (quivered)
 p - 40 stones
Armour
 h - a +0 chain mail (worn)
 A - a +0 kite shield (worn)
Wands
 l - a wand of flame (31)
 x - a wand of paralysis (5)
Scrolls
 b - 4 scrolls of magic mapping
 c - a scroll of enchant weapon {unknown}
 e - a scroll of fear
 f - 3 scrolls of immolation
 k - a scroll of brand weapon
 n - 3 scrolls of enchant armour
 r - 2 scrolls of teleportation
 s - a scroll of blinking {unknown}
 t - a scroll of vulnerability {unknown}
 v - 2 scrolls of summoning
Potions
 d - a potion of might
 i - 4 potions of curing
 m - a potion of ambrosia {unknown}
 o - 3 potions of heal wounds
 q - 2 potions of lignification {unknown}
 u - 2 potions of haste
 w - a potion of mutation {unknown}
 z - 2 potions of brilliance {unknown}


   Skills:
 + Level 6.1 Fighting
 + Level 5.4 Maces & Flails
 + Level 6.1 Armour
 + Level 3.6 Dodging
 + Level 6.1 Shields
 + Level 2.5 Invocations


You had 7 spell levels left.
You didn't know any spells.
Your spell library contained the following spells:

 Spells                   Type           Power      Damage    Failure   Level
 Static Discharge         Conj/Air       0%         2-2/arc   100%        2
 Airstrike                Air            0%         2d(0-16)  100%        4
 Summon Lightning Spire   Summ/Air       0%         N/A       100%        4


Dungeon Overview and Level Annotations

Branches:
Dungeon (6/15)             Temple (1/1) D:4

Altars:
Uskayaw
Xom

Shops:
D:5 *


Innate Abilities, Weirdness & Mutations

You have a pair of horns on your head.
You reflexively headbutt those who attack you in melee.


Message History

The orc priest mumbles some strange prayers to Beogh against you.
Beogh smites you! The orc priest barely misses you. You furiously retaliate!
You headbutt the orc priest, but do no damage.
You block the orc wizard's attack.
You hit the orc wizard. Your headbutt misses the orc wizard.
The orc wizard is heavily wounded.
The orc priest begins to cast a cantrip, but forgets the words!
The orc priest invokes the aid of Beogh against you.
Beogh smites you! You block the orc priest's attack.
The orc wizard hits you but does no damage.
The orc wizard mumbles some strange words.
The orc wizard flickers and vanishes!
Deactivating autopickup; reactivate with Ctrl-A.
You block the orc priest's attack.
You closely miss something. You block the orc priest's attack.
Something hits you but does no damage.
You sock something! You block the orc's attack.
You block the orc priest's attack. Something hits you but does no damage.
You hit something.
Reactivating autopickup.
You feel a bit more experienced. You block the orc's attack.
The orc priest hits you with a +0 war axe!
You can now pass through a line of other dancers.
You hit the orc priest but do no damage.
The orc priest mumbles some strange prayers to Beogh against you.
Beogh smites you! The orc closely misses you.
The orc priest hits you but does no damage.
The orc priest hits you with a +0 war axe.
* * * LOW HITPOINT WARNING * * *
You block the orc's attack. You block the orc priest's attack.
The orc priest attacks as you move away!
You block the orc priest's attack.
You can no longer pass through a line of other dancers.
The orc priest looks braver for a moment.
The orc priest invokes the aid of Beogh against you.
Beogh smites you!
* * * LOW HITPOINT WARNING * * *
The orc priest calls down the wrath of Beogh upon you.
Beogh smites you!
You die...

.........!.<......... #...
..................... #... ......
......oo....# #... #>..# ###
#o### #### ###...###...####...###
##.. ........#.......o....# ....
........#............#### ....
........#................ ....
.......#########@........ ....
.......##.....##......... ....
###....##.....##....###.. ...
###'#####.....##....## . ######
..............#......# #.....
..............#......# ....+.....
..............'......# ..>#.....
.......##....###..##.# #..###...
.......#########..#######..###...


You could see 3 orc priests and an orc.

Vanquished Creatures
  Menkaure (D:4)
  An ice beast (D:5)
  An ogre (D:4)
  2 centaurs
  A kobold brigand (D:5)
  A gnoll sergeant (D:5)
  A scorpion (D:4)
  A howler monkey (D:4)
  2 hounds (D:5)
  2 sleepcaps (D:6)
  An orc wizard (D:6)
  Ijyb (D:5)
  9 gnolls
  5 adders
  An ufetubus (D:5)
  2 worms (D:2)
  2 dart slugs
  2 orcs
  8 ball pythons
  4 bats
  3 endoplasms
  5 giant cockroaches
  6 goblins
  6 hobgoblins
  3 jackals (D:3)
  3 quokkas
  2 frilled lizards (D:1)
  14 kobolds
  7 rats
97 creatures vanquished.

Notes
Turn   | Place    | Note
-------+----------+-------------------------------------------
     0 | D:1      | Metae the Minotaur Fighter began the quest for the Orb.
     0 | D:1      | Reached XP level 1. HP: 19/19 MP: 0/0
   178 | D:1      | Reached XP level 2. HP: 27/27 MP: 1/1
   725 | D:2      | Reached XP level 3. HP: 33/33 MP: 2/2
   923 | D:2      | Reached XP level 4. HP: 41/41 MP: 3/3
  2262 | D:4      | Found a staircase to the Ecumenical Temple.
  2263 | D:4      | Noticed Menkaure
  2263 | D:4      | Noticed a scorpion
  2277 | D:4      | Killed a scorpion
  2278 | D:4      | Reached skill level 1 in Dodging
  2278 | D:4      | Reached XP level 5. HP: 47/47 MP: 4/4
  2319 | D:4      | Killed Menkaure
  2320 | D:4      | Reached skill level 5 in Fighting
  2320 | D:4      | Reached skill level 5 in Armour
  2320 | D:4      | Reached skill level 5 in Shields
  2320 | D:4      | Reached XP level 6. HP: 38/56 MP: 5/5
  2437 | Temple   | Entered the Ecumenical Temple
  2443 | Temple   | Became a worshipper of Uskayaw the Reveller
  2476 | D:4      | Reached * piety under Uskayaw
  2902 | D:4      | Identified the +0 robe of the Swamp {rPois Int-3 Slay+5
                  | Stlth-}
  2960 | D:5      | Entered Level 5 of the Dungeon
  2992 | D:5      | Noticed an ice beast
  3016 | D:5      | Reached ** piety under Uskayaw
  3019 | D:5      | Reached skill level 1 in Invocations
  3020 | D:5      | Reached *** piety under Uskayaw
  3024 | D:5      | Reached **** piety under Uskayaw
  3026 | D:5      | Killed an ice beast
  3027 | D:5      | Reached XP level 7. HP: 47/61 MP: 6/6
  3028 | D:5      | Reached ***** piety under Uskayaw
  3237 | D:5      | Noticed Ijyb
  3243 | D:5      | Paralysed by Ijyb for 4 turns
  3247 | D:5      | Killed Ijyb
  3297 | D:5      | Reached skill level 5 in Maces & Flails
  3425 | D:5      | Found Ycaddinoi's General Store.
  3433 | D:5      | Bought a scroll of fear for 44 gold pieces
  3433 | D:5      | Bought a potion of haste for 110 gold pieces
  3443 | D:5      | Found a shimmering altar of Xom.
  4014 | D:6      | Reached XP level 8. HP: 44/70 MP: 8/8
  4281 | D:6      | Killed from afar by an orc priest

Illustrated notes

Levels and vault maps discovered:
D:1:      dpeg_arrival_concentric_ovals, layout_basic
D:2:      layout_rooms
D:3:      layout_basic
D:4:      layout_basic, minmay_temple_entry_drinking_statues, uniq_menkaure
D:5:      layout_basic, tgw_xom, serial_shops, shop, uniq_ijyb
D:6:      layout_gridville, nicolae_ossuary_entry_catacombs,
          nicolae_shop_fire_sale [nicolae_sub_dead_trees], uniq_edmund
Temple:   dshaligram_water_room_temple

Skill      XL: |  1  2  3  4  5  6  7 |
---------------+----------------------+-----
Fighting       | 4 5 6 |  6.1
Shields        | 4 5 6 |  6.1
Armour         | 4 5 6 |  6.1
Maces & Flails | 3 4 5 |  5.4
Dodging        | 1 2 3 |  3.6
Invocations    | 1 2 |  2.5

Action                     |  1- 3 |  4- 6 |  7- 9 || total
---------------------------+-------+-------+-------++-------
  Melee: Flail             |    82 |   117 |    62 ||   261
         Headbutt          |    11 |    16 |    11 ||    38
    Use: Scroll            |       |       |     8 ||     8
   Stab: Paralysed         |       |     1 |     3 ||     4
 Armour: Scale mail        |    41 |       |       ||    41
         Chain mail        |     3 |    60 |    34 ||    97
  Dodge: Dodged            |    45 |    49 |    40 ||   134
  Block: Buckler           |    10 |    40 |     9 ||    59
         Kite shield       |       |       |    27 ||    27
